 Dungeon Crawl Stone Soup version 0.23.2 (webtiles) character file.

Game seed: 4382615272571409355

62 Borgoz the Cutter (level 4, -3/27 HPs)
             Began as a Gargoyle Gladiator on Apr 10, 2019.
             Slain by a gnoll
             ... wielding a +0 halberd
              (14 damage)
             ... on level 2 of the Dungeon.
             The game lasted 00:03:57 (1047 turns).

Borgoz the Cutter (Gargoyle Gladiator)              Turns: 1047, Time: 00:03:57

Health: -3/27      AC:  7    Str: 17    XL:     4   Next: 8%
Magic:  4/4        EV: 12    Int:  9    God:
Gold:   35         SH:  0    Dex: 12    Spells: 3/3 levels left

rFire    . . .     SeeInvis .   a - +0 rapier
rCold    . . .     Gourm    .   (no shield)
rNeg     + . .     Faith    .   b - +0 leather armour
rPois    ∞         Spirit   .   c - +0 helmet
rElec    +         Reflect  .   (no cloak)
rCorr    .         Harm     .   (no gloves)
MR       .....                  (no boots)
Stlth    +.........             (no amulet)
HPRegen  0.09/turn              (no ring)
MPRegen  0.09/turn              (no ring)

@: very slow
A: negative energy resistance 1, electricity resistance, unbreathing,
petrification resistance, rot immunity, AC +3
a: no special abilities


You were on level 2 of the Dungeon.
You were not hungry.

You visited 1 branch of the dungeon, and saw 2 of its levels.

You collected 35 gold pieces.

Inventory:

Hand Weapons
 a - a +0 rapier (weapon)
Missiles
 d - 4 throwing nets (quivered)
Armour
 b - a +0 leather armour (worn)
 c - a +0 helmet (worn)
Wands
 o - a wand of flame (23)
Scrolls
 e - 2 scrolls of remove curse {unknown}
 j - a scroll of enchant weapon {unknown}
 m - a scroll of identify {unknown}
 p - 4 scrolls of teleportation {unknown}
 q - a scroll of fear {unknown}
Potions
 g - 2 potions of curing {unknown}
 i - a potion of agility {unknown}
 k - a potion of might {unknown}
 l - a potion of brilliance {unknown}
 n - 2 potions of haste {unknown}
 r - a potion of heal wounds {unknown}
Comestibles
 f - 3 rations
 h - 3 chunks of flesh


   Skills:
 + Level 2.8 Fighting
 + Level 3.1 Short Blades
 - Level 1.7 Throwing
 + Level 1.4 Armour
 + Level 2.7 Dodging
 + Level 1.8 Stealth


You had 3 spell levels left.
You didn't know any spells.
Your spell library was empty.

Dungeon Overview and Level Annotations

Branches:
Dungeon (2/15)

Altars:


Innate Abilities, Weirdness & Mutations

You are resistant to torment.
Your stone body is resilient. (AC +3)
You are immune to poison.
You resist negative energy. (rN+)
You are resistant to electric shocks. (rElec)
You can survive without breathing.
You are immune to petrification.
You are immune to rotting.


Message History

A gnoll is nearby!
You enter the shallow water.
Moving in this stuff is going to be slow.
A bat and a gnoll come into view.
The gnoll shouts! x2
A gnoll shaman comes into view. It is wielding a +0 club.
The bat hits you but does no damage.
A goblin comes into view. It is wielding a +0 dagger.
The bat closely misses you. The bat hits you.
The gnoll hits you from afar with a +0 halberd!
The gnoll hits you with a +0 halberd.
You are too injured to fight recklessly!
You are too injured to fight recklessly!
Okay, then.
Okay, then.
The goblin shouts!
The bat hits you but does no damage.
The gnoll hits you from afar with a +0 halberd!
Ouch! That really hurt!
You die...

....##..........##..##
.....................##
........≈≈≈≈≈≈........#
.......≈≈####≈≈.......###
#..g..≈# ##≈.........#
.⌠#....≈# #≈.....#...#
.#....gg# #≈....#⌠...#
.......≈## ##≈.....#...#
......gb@####≈≈.†.......#
..g.....≈≈≈≈≈≈..........#
.....................####
....##..........##..##
.....#....†.....#[.##
.##................#
#.#.....#........# .
#....#⌠#....#.##
##.#.#.######.#


You could see a gnoll shaman, 3 gnolls, a goblin and a bat.

Vanquished Creatures
  An ooze (D:2)
  3 dart slugs (D:1)
  2 leopard geckos (D:1)
  A giant cockroach (D:2)
  11 goblins
  8 hobgoblins
  2 jackals (D:1)
  A bat (D:2)
  3 frilled lizards
  8 kobolds
  7 rats
47 creatures vanquished.

Notes
Turn   | Place    | Note
-------+----------+-------------------------------------------
     0 | D:1      | Borgoz the Gargoyle Gladiator began the quest for the Orb.
     0 | D:1      | Reached XP level 1. HP: 12/12 MP: 1/1
    87 | D:1      | Reached XP level 2. HP: 18/18 MP: 2/2
   183 | D:1      | Reached skill level 1 in Stealth
   263 | D:1      | Reached skill level 1 in Armour
   285 | D:1      | Reached XP level 3. HP: 15/22 MP: 3/3
   596 | D:1      | Reached skill level 3 in Short Blades
   970 | D:2      | Reached XP level 4. HP: 26/27 MP: 4/4
  1047 | D:2      | Slain by a gnoll

Skill      XL: |  1  2  3 |
---------------+----------+-----
Stealth        | 1 |  1.8
Armour         | 1 |  1.4
Short Blades   | 3 |  3.1
Fighting       | |  2.8
Throwing       | |  1.7
Dodging        | |  2.7

Action                   |  1- 3 |  4- 6 || total
-------------------------+-------+-------++-------
Melee: Rapier            |   115 |    12 ||   127
 Stab: Sleeping          |     1 |       ||     1
  Eat: Chunk             |       |     1 ||     1
Armor: Leather armour    |    29 |     4 ||    33
Dodge: Dodged            |    59 |     6 ||    65
